AoeStats
← v.jasny

Northern Isles

510827574Analyzed
1v1 RM · 11h ago on Oct 2, 2026· 49m 33s· 2 players
Game mode
Random Map
Map size
Tiny (2 player)
Population
200
Speed
Normal
Resources
Standard
Victory
Conquest
Starting age
Dark Age
Ending age
Imperial Age
RankedLock teamsTeams togetherTeam positionsShared explorationLock speedFull tech treeHidden civsTurbo modeCheats
Victory
Defeat
🇷🇴 Vikings · Romania
901
+16
🇨🇿 Bohemians · Czechia
900
-16
v.jasny
2:50 Loom
10:00 Feudal Age
11:19 Wheelbarrow
10:33 Double-Bit Axe
12:25 Horse Collar
12:36 Town Watch
14:13 Fishing Lines
21:54 Castle Age
23:08 Hand Cart
24:06 Chemistry
23:45 Bow Saw
23:38 Heavy Plow
32:01 Town Patrol
ValKKnar
4:23 Loom
11:53 Feudal Age
13:04 Double-Bit Axe
15:23 Gold Mining
15:31 Stone Mining
15:44 Fishing Lines
18:08 Town Watch
20:35 Castle Age
22:02 Squires
22:28 Bow Saw
22:54 Medium Warships
24:10 Scale Mail Armor
24:20 Forging
24:52 Arson
27:25 Chain Mail Armor
27:46 Iron Casting
36:16 Imperial Age
34:52 Ballistics
36:07 Murder Holes
36:32 Scale Barding Armor
36:19 Fletching
37:42 Cavalier
39:29 Chain Barding Armor
41:33 Blast Furnace
Connection lost

Rejoining the realm…

Still unreachable

The connection could not be restored.

Session expired

The server has moved on; the page needs a fresh start.